cohdb
Replays
Latest Replays
All Replays
Popular Replays
Top Player Replays
Match Explorer
How It Works
Community
CoH3 Stats
Reddit
Sign in to upload your games and track your stats! →
Sign in with Steam
Match 45600791
Unlisted
Match 45600791
Overview
Messages
Build Orders
End
Vickers Machine Gun Team
Construct Section Command Post
Infantry Section
Infantry Section
Grenade Package
Construct Platoon Command Post
Selects Indian Artillery Battlegroup
Construct Field Infirmary
Selects Valour
Unlock Bishop Self-propelled Artillery
Selects Gurkha Rifles Section
Gurkha Rifles Section
6-pounder Anti-tank Gun Team
Bishop Self-propelled Artillery
Selects Volunteer Infantry
Construct Company Command Post
Infantry Training
Unlock Towed 17-pounder Anti-tank Guns
Artistóteles
Kagaro Nakama '+'
Cpt Darling
jwalker987
0
0
Comments
sign in to comment!
No comments posted yet!